 Dungeon Crawl Stone Soup version 0.27.1-3-gb3d3a73c9e (webtiles) character file.

Game seed: 13316540098727396642

1000 Arcadio the Fighter (level 8, -1/67 HPs)
             Began as a Djinni Fire Elementalist on Oct 7, 2021.
             Slain by a scorpion (8 damage)
             ... on level 4 of the Dungeon.
             The game lasted 00:17:59 (6682 turns).

Arcadio the Fighter (Djinni Fire Elementalist)      Turns: 6682, Time: 00:17:59

Health: -1/67      AC:  3    Str:  7    XL:     8   Next: 43%
Gold:   231        EV: 13    Int: 19    God:
                   SH:  0    Dex: 20

rFire    + + .     SeeInvis .   i - +4 dagger
rCold    x . .     Faith    .   (no shield)
rNeg     . . .     Spirit   .   t - +0 robe {Will+}
rPois    ∞         Reflect  .   (no helmet)
rElec    .         Harm     .   (no cloak)
rCorr    .         Rampage  .   d - +0 pair of gloves
Will     +....                  (boots unavailable)
Stlth    ++........             (no amulet)
HPRegen  0.21/turn              v - +6 ring of dexterity
MPRegen  0.00/turn              (no ring)

@: flying
A: sickness immunity, fire resistance 2, cold vulnerability 1, float, innate
caster, hp casting, extra vitality 1
a: no special abilities


You were on level 4 of the Dungeon.
You visited 1 branch of the dungeon, and saw 5 of its levels.

You collected 308 gold pieces.
You spent 77 gold pieces at shops.

Inventory:

Hand Weapons
 e - a +0 dagger
 i - a +4 dagger (weapon)
 k - a +1 dagger of venom
Missiles
 n - 2 throwing nets
Armour
 a - a +0 robe
 d - a +0 pair of gloves (worn)
 t - a +0 robe of willpower (worn)
 w - a +0 helmet
 z - a +0 buckler
Jewellery
 v - a +6 ring of dexterity (left hand)
Wands
 c - a wand of flame (18)
 A - a wand of mindburst (12)
Scrolls
 b - 3 scrolls of teleportation
 f - 2 scrolls of immolation
 g - 2 scrolls of enchant armour
 l - a scroll of fear {unknown}
 m - a scroll of magic mapping {unknown}
 o - a scroll of noise {unknown}
 p - 2 scrolls of fog {unknown}
 u - a scroll of identify
 y - a scroll of silence {unknown}
Potions
 h - a potion of curing
 j - 4 potions of brilliance {unknown}
 q - 2 potions of lignification
 r - 2 potions of might {unknown}
 s - a potion of invisibility {unknown}
 x - a potion of degeneration {unknown}


   Skills:
 + Level 9.2 Fighting
 - Level 2.1 Dodging
 - Level 1.5 Stealth
 - Level 2.4 Spellcasting


You couldn't memorise any spells.
You knew the following spells:

 Your Spells              Type           Power      Damage    Failure   Level
a - Foxfire               Conj/Fire      44%        2x1d6     6%          1
b - Conjure Flame         Conj/Fire      11%        6-21      19%         3
c - Inner Flame           Hex/Fire       11%        N/A       19%         3
d - Sticky Flame          Conj/Fire      11%        2d3       52%         4
e - Fireball              Conj/Fire      5%         3d5       86%         5
f - Beastly Appendage     Tmut           22%        N/A       6%          1
g - Passwall              Tmut/Erth      9%         N/A       9%          2
h - Ignite Poison         Fire/Tmut/Pois 11%        N/A       19%         3
Your spell library was empty.

Dungeon Overview and Level Annotations

Branches:
Dungeon (5/15)
 Temple: D:4-7

Altars:

Shops:
D:4 *

Annotations:
D:5 Sigmund


Innate Abilities, Weirdness & Mutations

You are immune to sickness and miasma.
You are immune to poison.
Your flesh is very heat resistant. (rF++)
You are vulnerable to cold. (rC-)
You float through the air rather than walking.
You learn spells naturally, not from books.
Your magical power is your life essence.
You have superior vitality. (+4 HP)


Message History

You hit the scorpion but do no damage. The scorpion stings you.
The scorpion stings you!
You hit the scorpion.
The scorpion is lightly wounded.
The scorpion stings you.
* * * LOW HITPOINT WARNING * * *
You hit the scorpion.
The scorpion is moderately wounded.
The scorpion closely misses you.
You hit the scorpion.
The scorpion is heavily wounded.
The scorpion stings you.
* * * LOW HITPOINT WARNING * * *
The scorpion barely misses you.
You hit the scorpion.
The scorpion is severely wounded.
The scorpion stings you.
* * * LOW HITPOINT WARNING * * *
You hit the scorpion but do no damage.
The scorpion is severely wounded.
The scorpion misses you.
You hit the scorpion but do no damage.
The scorpion is severely wounded.
The scorpion stings you.
* * * LOW HITPOINT WARNING * * *
The scorpion stings you.
* * * LOW HITPOINT WARNING * * *
You hit the scorpion but do no damage.
The scorpion is severely wounded.
The scorpion closely misses you.
You hit the scorpion but do no damage.
The scorpion is severely wounded.
The scorpion misses you.
You hit the scorpion but do no damage.
The scorpion is severely wounded.
The scorpion closely misses you.
You hit the scorpion.
The scorpion is almost dead.
The scorpion stings you!
You die...

#..≈≈≈≈≈≈≈...#
#.≈≈≈≈≈≈≈....#
##≈≈.####...##
#≈≈##......#
#≈≈#...###.#
#≈≈#.......#
###≈≈#...###.#
##≈≈....## #.#
##≈.....# #@#
###.....# #s#
#..#### #.#
#### #.# #.#
#.# #.# #.#
#.#


You could see a scorpion.

Vanquished Creatures
  Grinder (D:4)
  A black bear (D:3)
  2 necrophages
  An ogre (D:4)
  2 scorpions (D:5)
  A bullfrog zombie (D:4)
  A jelly (D:4)
  A centaur skeleton (D:4)
  A hound (D:4)
  An iguana (D:5)
  A hound zombie (D:5)
  4 gnolls (D:4)
  5 adders
  3 worms
  2 dart slugs
  4 orcs
  4 bats
  8 endoplasms
  3 giant cockroaches
  11 goblins
  5 hobgoblins
  3 jackals (D:3)
  5 quokkas
  4 ball pythons
  3 frilled lizards
  4 kobolds
  6 rats
87 creatures vanquished.

Vanquished Creatures (others)
  186 foxfires
186 creatures vanquished.

Grand Total: 273 creatures vanquished

Notes
Turn   | Place    | Note
-------+----------+-------------------------------------------
     0 | D:1      | Arcadio the Djinni Fire Elementalist began the quest for
                  | the Orb.
     0 | D:1      | Reached XP level 1. HP: 15/15 MP: 0/0
   166 | D:1      | Reached skill level 1 in Fighting
   268 | D:1      | Reached XP level 2. HP: 19/22 MP: 0/0
   456 | D:1      | Reached skill level 2 in Fighting
   535 | D:1      | Found a faded altar of an unknown god.
   873 | D:2      | Reached XP level 3. HP: 20/29 MP: 0/0
   873 | D:2      | Learned a level 1 spell: Beastly Appendage
  1202 | D:2      | Reached skill level 3 in Fighting
  1688 | D:2      | Reached XP level 4. HP: 23/35 MP: 0/0
  3214 | D:3      | Reached skill level 4 in Fighting
  3489 | D:3      | Reached XP level 5. HP: 30/41 MP: 0/0
  3489 | D:3      | Learned a level 2 spell: Passwall
  3751 | D:4      | Noticed a black bear
  3757 | D:3      | Killed a black bear
  3758 | D:3      | Reached skill level 5 in Fighting
  3853 | D:3      | Reached XP level 6. HP: 15/49 MP: 0/0
  4278 | D:4      | Reached skill level 6 in Fighting
  4709 | D:4      | Found Isae's General Store.
  4714 | D:4      | Bought a +0 robe of willpower for 77 gold pieces
  4926 | D:4      | Noticed a necrophage
  4945 | D:4      | Killed a necrophage
  4946 | D:4      | Reached XP level 7. HP: 28/57 MP: 0/0
  4946 | D:4      | Learned a level 3 spell: Ignite Poison
  5325 | D:4      | Noticed Grinder
  5327 | D:4      | Reached skill level 7 in Fighting
  5602 | D:4      | Killed Grinder
  5603 | D:4      | Reached skill level 8 in Fighting
  5603 | D:4      | Reached XP level 8. HP: 42/65 MP: 0/0
  5935 | D:5      | Entered Level 5 of the Dungeon
  6214 | D:5      | Noticed Sigmund
  6470 | D:5      | Reached skill level 9 in Fighting
  6682 | D:4      | Slain by a scorpion

Illustrated notes

Levels and vault maps discovered:
D:1:      lemuel_arrival_room, layout_basic,
          shapermc_ecumenical_altar_mp_urbaneastern
D:2:      layout_basic, serial_curves, eino_curves_02, eino_curves_04,
          minmay_door_square, minmay_stone_trees_small, st_stairs_9
D:3:      layout_loops_cross
D:4:      cheibrodos_helix_gallery, layout_rooms, serial_shops, shop,
          cheibrodos_sewer_entry_bend, uniq_grinder
D:5:      layout_basic, kennysheep_little_box, minivault_27, uniq_sigmund

Skill      XL: |  1  2  3  4  5  6  7  8 |
---------------+-------------------------+-----
Fighting       | 1 2 3 4 5 6 8 9 |  9.2
Dodging        | |  2.1
Stealth        | |  1.5
Spellcasting   | |  2.4

Action                   |  1- 3 |  4- 6 |  7- 9 || total
-------------------------+-------+-------+-------++-------
Melee: Dagger            |    33 |    94 |    43 ||   170
 Cast: Foxfire           |    45 |    37 |    28 ||   110
       Inner Flame       |       |     6 |    11 ||    17
  Use: Scroll            |     4 |     2 |       ||     6
 Stab: Sleeping          |       |     4 |     1 ||     5
Armor: Robe              |    12 |    28 |    11 ||    51
Dodge: Dodged            |    36 |    74 |    40 ||   150
